 Dungeon Crawl Stone Soup version 0.26-a0-834-g69557b85cc (webtiles) character file.

Game seed: 15017972053114584516

978 robertstho the Thaumaturge (level 7, -1/37 HPs)
             Began as a Deep Elf Fire Elementalist on Nov 16, 2020.
             Was a Follower of Sif Muna.
             Slain by a gnoll
             ... wielding a +0 spear
              (8 damage)
             ... on level 5 of the Dungeon.
             The game lasted 00:09:36 (5019 turns).

robertstho the Thaumaturge (DEFE)                   Turns: 5019, Time: 00:09:38

Health: -1/37      AC:  6    Str:  5    XL:     7   Next: 95%
Magic:  11/20      EV: 13    Int: 30    God:    Sif Muna [*.....]
Gold:   266        SH:  0    Dex: 15    Spells: 9/22 levels left

rFire    . . .     SeeInvis +   e - +0 dagger (venom)
rCold    . . .     Faith    .   (no shield)
rNeg     . . .     Spirit   .   a - +0 robe
rPois    .         Reflect  .   A - -5 helmet "Jezxesch" {*Slow +Fly Regen+ Int+8} (curse)
rElec    .         Harm     .   x - scarf {+Inv}
rCorr    .         Rampage  .   y - +2 pair of gloves
MR       .....                  c - +0 pair of boots
Stlth    ++........             (no amulet)
HPRegen  0.52/turn              f - +4 ring of protection
MPRegen  0.17/turn              r - ring of see invisible

@: no status effects
A: no striking features
a: Channel Magic, Renounce Religion, Evoke Invisibility, Evoke Flight


You were on level 5 of the Dungeon.
You worshipped Sif Muna.
Sif Muna was aware of your devotion.
You visited 2 branches of the dungeon, and saw 6 of its levels.

You collected 266 gold pieces.

Inventory:

Hand Weapons
 e - a +0 dagger of venom (weapon)
Missiles
 q - 38 poisoned darts (quivered)
Armour
 a - a +0 robe (worn)
 c - a +0 pair of boots (worn)
 i - a +0 cloak
 k - a +0 pair of gloves
 x - a scarf of invisibility (worn)
 y - a +2 pair of gloves (worn)
 A - the cursed -5 helmet "Jezxesch" (worn) {*Slow +Fly Regen+ Int+8}
   (You found it on level 5 of the Dungeon)

   It affects your intelligence (+8).
   It lets you fly.
   It increases your rate of regeneration.
   It may slow you when you take damage.
   It has a curse placed upon it.
Jewellery
 f - a +4 ring of protection (left hand)
 j - an uncursed ring of flight
 r - a ring of see invisible (right hand)
Wands
 z - a wand of enslavement (10)
Scrolls
 b - 2 scrolls of magic mapping {unknown}
 d - 3 scrolls of teleportation {unknown}
 h - a scroll of blinking {unknown}
 l - 5 scrolls of identify {unknown}
 o - a scroll of amnesia {unknown}
 v - a scroll of random uselessness {unknown}
 w - 2 scrolls of remove curse {unknown}
 C - a scroll of enchant weapon {unknown}
Potions
 g - 2 potions of might {unknown}
 n - 2 potions of mutation {unknown}
 p - 2 potions of lignification {unknown}
 s - 2 potions of flight {unknown}
 t - a potion of heal wounds {unknown}
 u - a potion of invisibility {unknown}
 B - a potion of cancellation {unknown}


   Skills:
 + Level 0.6 Fighting
 + Level 3.1 Dodging
 + Level 3.6 Stealth
 * Level 8.0 Spellcasting
 + Level 3.3 Conjurations
 * Level 6.7 Fire Magic
 * Level 1.7 Invocations


You had 9 spell levels left.
You knew the following spells:

 Your Spells              Type           Power        Failure   Level
a - Foxfire               Conj/Fire      ####         1%          1
b - Conjure Flame         Conj/Fire      #####...     1%          3
c - Sticky Flame          Conj/Fire      #####...     5%          4
d - Fireball              Conj/Fire      #####.....   14%         5

Your spell library contained the following spells:

 Spells                   Type           Power        Failure   Level
 Inner Flame              Hex/Fire       ####....     3%          3
 Sandblast                Erth           ##....       4%          1
 Passwall                 Tmut/Erth      ##......     6%          2
 Stone Arrow              Conj/Erth      ###...       6%          3
 Petrify                  Tmut/Erth      ##......     38%         4
 Lee's Rapid Deconstruct  Erth           ##........   75%         5


Dungeon Overview and Level Annotations

Branches:
Dungeon (5/15)             Temple (1/1) D:4

Altars:
Ashenzari
Dithmenos
Elyvilon
Fedhas
Hepliaklqana
Kikubaaqudgha
Makhleb
Nemelex Xobeh
Qazlal
Ru
Sif Muna
Trog
Uskayaw
Vehumet
Wu Jian
Xom

Shops:
D:4 =   D:5 =


Message History

You conjure some foxfire!
The gnoll hits you but does no damage. The gnoll completely misses you.
The gnoll hits you from afar with a +0 spear.
* * * LOW HITPOINT WARNING * * *
Casting: Foxfire (safe; 1% risk of failure)
Confirm with . or Enter, or press ? or * to list all spells.
You conjure some foxfire!
The foxfire hits the gnoll.
The gnoll is moderately wounded.
The foxfire hits the gnoll.
The gnoll is moderately wounded.
The gnoll hits you but does no damage.
The gnoll hits you from afar with a +0 spear!
* * * LOW HITPOINT WARNING * * *
You feel better.
The foxfire hits the gnoll.
The gnoll is lightly wounded.
The foxfire hits the gnoll!
The gnoll is severely wounded.
The gnoll hits you but does no damage.
The gnoll hits you from afar with a +0 spear!
You die...

###### #.# .#
##.##### #......#
#......# #.)....#
#......# ##)##### #
#)# ##### .## #)#
#§@§# ###..####.##
#.))# .....#.....#
#g)g# ..........^#
##..)# ....#......#
#....#
...##......###[##.#
...###......##.##.#
.>.# #......'..##.#
######......#####..


You could see 2 gnolls.

Vanquished Creatures
  2 sky beasts (D:5)
  A phantom (D:4)
  A water moccasin zombie (D:5)
  A jelly (D:5)
  A centaur zombie (D:2)
  8 orc wizards
  A bullfrog skeleton (D:5)
  A gnoll shaman (D:5)
  Jessica (D:3)
  A worker ant (D:5)
  A hound skeleton (D:4)
  13 adders
  4 gnolls
  An adder skeleton (D:4)
  3 worms
  3 dart slugs
  2 leopard geckos
  10 orcs
  2 ball pythons
  3 bats
  2 giant cockroaches
  7 goblins
  13 hobgoblins
  9 kobolds
  5 quokkas
  6 frilled lizards
  8 rats
110 creatures vanquished.

Vanquished Creatures (others)
  426 foxfires
426 creatures vanquished.

Grand Total: 536 creatures vanquished

Notes
Turn   | Place    | Note
-------+----------+-------------------------------------------
     0 | D:1      | robertstho the Deep Elf Fire Elementalist began the quest
                  | for the Orb.
     0 | D:1      | Reached XP level 1. HP: 10/10 MP: 6/6
   168 | D:1      | Reached XP level 2. HP: 9/15 MP: 5/8
   775 | D:1      | Reached XP level 3. HP: 19/19 MP: 7/10
  1337 | D:2      | Reached skill level 4 in Spellcasting
  1337 | D:2      | Reached XP level 4. HP: 14/24 MP: 3/12
  2129 | D:2      | Reached skill level 5 in Spellcasting
  2386 | D:3      | Noticed Jessica
  2389 | D:3      | Reached XP level 5. HP: 19/28 MP: 2/14
  2390 | D:3      | Killed Jessica
  2391 | D:3      | Reached skill level 5 in Fire Magic
  3055 | D:3      | Reached skill level 6 in Spellcasting
  3470 | D:4      | Found Hecoloi's Jewellery Emporium.
  3480 | D:4      | Learned a level 3 spell: Conjure Flame
  3485 | D:4      | Learned a level 4 spell: Sticky Flame
  3491 | D:4      | Learned a level 5 spell: Fireball
  3572 | D:4      | Reached XP level 6. HP: 22/33 MP: 7/17
  3789 | D:4      | Found a staircase to the Ecumenical Temple.
  4327 | Temple   | Entered the Ecumenical Temple
  4472 | Temple   | Became a worshipper of Sif Muna the Loreminder
  4522 | D:5      | Entered Level 5 of the Dungeon
  4534 | D:5      | Got a distressingly furry helmet
  4539 | D:5      | Identified the cursed -5 helmet "Jezxesch" {*Slow +Fly
                  | Regen+ Int+8} (You found it on level 5 of the Dungeon)
  4666 | D:5      | Reached XP level 7. HP: 27/37 MP: 14/19
  4753 | D:5      | Found Ringesm's Jewellery Shoppe.
  4769 | D:5      | Reached skill level 7 in Spellcasting
  4803 | D:5      | Found a broken altar of Ashenzari.
  4821 | D:5      | Reached skill level 1 in Invocations
  4973 | D:5      | Reached skill level 8 in Spellcasting
  5016 | D:5      | Reached * piety under Sif Muna
  5018 | D:5      | HP: 1/37 [gnoll/+0 spear (7)]
  5019 | D:5      | Slain by a gnoll

Illustrated notes

Levels and vault maps discovered:
D:1:      dpeg_arrival_fog, layout_loops_cross, hangedman_decor_slide_cut
D:2:      layout_loops_ring
D:3:      layout_basic, uniq_jessica
D:4:      layout_rooms, temple_green, serial_shops, shop
D:5:      layout_basic, kennysheep_little_box, serial_shops, shop,
          ashenzari_altar_1
Temple:   regret_index_temple_sphere_string

Skill      XL: |  1  2  3  4  5  6  7 |
---------------+----------------------+-----
Fire Magic     | 4 5 6 |  6.7
Spellcasting   | 4 5 6 8 |  8.0
Conjurations   | 2 3 |  3.3
Stealth        | 3 |  3.6
Dodging        | 3 |  3.1
Invocations    | 1 |  1.7
Fighting       | |  0.6

Action                   |  1- 3 |  4- 6 |  7- 9 || total
-------------------------+-------+-------+-------++-------
Melee: Unarmed           |     2 |       |       ||     2
       Dagger            |     6 |     7 |     6 ||    19
 Cast: Foxfire           |    49 |   158 |    47 ||   254
       Sticky Flame      |       |     4 |     1 ||     5
  Use: Potion            |       |     1 |     4 ||     5
 Stab: Sleeping          |       |     1 |       ||     1
Armor: Robe              |     8 |    21 |     9 ||    38
Dodge: Dodged            |    10 |    25 |    28 ||    63

Table legend: (Time is in decaauts)
 A = Elapsed time spent in this place.
 B = Non-inter-level travel time spent in this place.
 C = Inter-level travel time spent in this place.
 D = Time resting spent in this place.
 E = Time spent auto-exploring this place.
 F = Levels seen in this place.
 G = Mean time per level.
                   A        B        C        D        E       F      G
               +--------+--------+--------+--------+--------+-----+--------+
         Total |   5016 |   4862 |    154 |      0 |   4065 |   6 |  836.0 |
       Dungeon |   4845 |   4716 |    129 |      0 |   3927 |   5 |  969.0 |
        Temple |    170 |    145 |     25 |      0 |    138 |   1 |  170.0 |
               +--------+--------+--------+--------+--------+-----+--------+

Top non-repeatable levels by time:
     D:2: 1208 daAuts
     D:3: 1204 daAuts
     D:1: 1055 daAuts
     D:4: 879 daAuts
     D:5: 497 daAuts
  Temple: 170 daAuts
